 Dungeon Crawl Stone Soup version 0.29.1-1-gd02db6906a (webtiles) character file.

Game seed: 12140158423713832233

513 MisterFreud the Carver (level 7, -4/51 HPs)
             Began as a Gnoll Wanderer on Sept 18, 2022.
             Slain by a gnoll sergeant
             ... wielding a +0 spear
              (10 damage)
             ... on level 5 of the Dungeon.
             The game lasted 00:04:45 (5399 turns).

MisterFreud the Carver (Gnoll Wanderer)             Turns: 5399, Time: 00:04:46

Health: -4/51      AC:  8    Str: 13    XL:     7   Next: 20%
Magic:  12/12      EV:  9    Int: 12    God:
Gold:   240        SH:  0    Dex: 11    Spells: 12/13 levels left

rFire   . . .      SeeInvis +   a - +2 falchion
rCold   . . .      Faith    .   (no shield)
rNeg    . . .      Spirit   .   r - +1 scale mail {rPois}
rPois   +          Reflect  .   l - +0 helmet
rElec   .          Harm     .   (no cloak)
rCorr   .          Rampage  .   (no gloves)
Will    .....                   (no boots)
Stlth   +.........              (no amulet)
HPRegen 0.17/turn               j - ring of see invisible
MPRegen 0.13/turn               (no ring)

@: no status effects
A: fangs 1, strong nose, distributed training
a: no special abilities


You were on level 5 of the Dungeon.
You visited 2 branches of the dungeon, and saw 7 of its levels.

You collected 240 gold pieces.

Inventory:

Hand Weapons
 a - a +2 falchion (weapon)
 c - a +0 dagger
 k - a +2 vorpal trident
 p - a +2 hand axe of draining
 q - a +0 morningstar
 t - a +4 short sword
Missiles
 b - 13 boomerangs (quivered)
 u - 13 poisoned darts
 y - 3 silver boomerangs
Armour
 e - a +0 leather armour
 l - a +0 helmet (worn)
 r - a +1 scale mail of poison resistance (worn)
Jewellery
 j - a ring of see invisible (left hand)
 v - an amulet of magic regeneration
 B - a ring of resist corrosion
Scrolls
 d - a scroll of fog
 h - 3 scrolls of enchant armour
 n - 2 scrolls of identify
 z - 2 scrolls of enchant weapon {unknown}
 A - 2 scrolls of blinking
Potions
 f - a potion of brilliance {unknown}
 g - a potion of ambrosia {unknown}
 i - a potion of haste {unknown}
 m - a potion of heal wounds {unknown}
 o - 4 potions of curing
 s - a potion of magic
 w - 2 potions of mutation {unknown}
 x - 2 potions of might


   Skills:
 + Level 2.4 Fighting
 + Level 2.4 Short Blades
 + Level 10.7 Long Blades
 + Level 2.4 Axes
 + Level 2.4 Maces & Flails
 + Level 2.4 Polearms
 + Level 2.4 Staves
 + Level 2.4 Ranged Weapons
 + Level 3.6 Throwing
 + Level 2.4 Armour
 + Level 2.4 Dodging
 + Level 4.9 Stealth
 + Level 2.4 Shields
 + Level 2.4 Unarmed Combat
 + Level 3.7 Spellcasting
 + Level 2.0 Conjurations
 + Level 2.0 Hexes
 + Level 2.0 Summonings
 + Level 2.0 Necromancy
 + Level 2.9 Translocations
 + Level 2.0 Transmutations
 + Level 2.0 Fire Magic
 + Level 2.0 Ice Magic
 + Level 2.0 Air Magic
 + Level 2.0 Earth Magic
 + Level 2.0 Poison Magic
 + Level 2.7 Invocations
 + Level 2.4 Evocations


You had 12 spell levels left.
You knew the following spells:

 Your Spells              Type           Power      Damage    Failure   Level
a - Apportation           Tloc           18%        N/A       30%         1

Your spell library contained the following spells:

 Spells                   Type           Power      Damage    Failure   Level
 Portal Projectile        Hex/Tloc       16%        N/A       73%         3
 Call Canine Familiar     Summ           7%         N/A       80%         3
 Tukima's Dance           Hex            7%         N/A       80%         3
 Leda's Liquefaction      Hex/Erth       3%         N/A       99%         4
 Blade Hands              Tmut           3%         N/A       100%        5


Dungeon Overview and Level Annotations

Branches:
Dungeon (6/15)             Temple (1/1) D:4

Altars:
Cheibriados
Fedhas
Makhleb
Okawaru
Qazlal
Ru
Sif Muna
Trog
Uskayaw
Vehumet

Shops:
D:2 (


Innate Abilities, Weirdness & Mutations

You have very sharp teeth.
Your uncanny sense of smell can sniff out nearby items.
Your experience applies equally to all skills.


Message History

The gnoll sergeant barely misses you.
The gnoll sergeant hits you but does no damage.
The gnoll hits you from afar with a +0 spear.
Things that are here:
a +0 whip; a gnoll corpse You hit the gnoll sergeant.
The gnoll sergeant is moderately wounded.
You hit the gnoll sergeant but do no damage.
Your bite misses the gnoll sergeant.
The gnoll sergeant is moderately wounded.
The gnoll sergeant hits you but does no damage.
The gnoll hits you from afar with a +0 spear.
The gnoll hits you but does no damage.
You barely miss the gnoll sergeant.
The gnoll sergeant is moderately wounded.
The gnoll sergeant hits you with a +0 spear.
The gnoll hits you from afar with a +0 spear!
* * * LOW HITPOINT WARNING * * *
The gnoll hits you from afar with a +0 spear.
* * * LOW HITPOINT WARNING * * *
You closely miss the gnoll sergeant.
The gnoll sergeant is moderately wounded.
The gnoll sergeant barely misses you. The gnoll hits you but does no damage.
The gnoll misses you.
You hit the gnoll sergeant but do no damage.
The gnoll sergeant is moderately wounded.
The gnoll sergeant barely misses you.
The gnoll hits you but does no damage. x2
Unknown command.
You hit the gnoll sergeant.
You bite the gnoll sergeant, but do no damage.
The gnoll sergeant is moderately wounded.
Unknown command.
You hit the gnoll sergeant but do no damage.
The gnoll sergeant is moderately wounded.
The gnoll barely misses you.
The gnoll sergeant hits you but does no damage.
The gnoll hits you from afar with a +0 spear.
* * * LOW HITPOINT WARNING * * *
The gnoll sergeant hits you from afar with a +0 spear!
You die...

#§○°# #.# #☼§§# #.# #...# #.#
##########$.####### #.#
................... #.#
.............##### #.#
.............# #.#
............g##############.#
...........Ogg)@......).....#
....####....g################
~... #...<........ ...
#.....####### ≈# #.......
#.....### #.....# #######


You could see an ogre, a gnoll sergeant and 3 gnolls.

Vanquished Creatures
  Pargi (D:3)
  A black bear (D:6)
  A phantom (D:5)
  2 hounds
  2 orc priests (D:4)
  An orc wizard (D:4)
  3 adders
  2 gnolls
  2 worms
  7 dart slugs
  19 orcs
  2 ball pythons
  3 bats (D:3)
  5 endoplasms
  2 giant cockroaches
  9 goblins
  5 hobgoblins
  2 jackals (D:3)
  7 kobolds
  5 quokkas
  2 frilled lizards
  5 rats
88 creatures vanquished.

Vanquished Creatures (others)
  A plant (D:5)
1 creature vanquished.

Grand Total: 89 creatures vanquished

Notes
Turn   | Place    | Note
-------+----------+-------------------------------------------
     0 | D:1      | Reached skill level 10 in Long Blades
     0 | D:1      | MisterFreud the Gnoll Wanderer began the quest for the Orb.
     0 | D:1      | MisterFreud set off with the following items: a +2
                  | falchion, 8 boomerangs, a +0 dagger, a scroll of fog, a +0
                  | leather armour; and the following spell memorised:
                  | Apportation; and the following spells available to
                  | memorise: Portal Projectile.
     0 | D:1      | Reached XP level 1. HP: 13/13 MP: 4/4
   243 | D:1      | Reached XP level 2. HP: 19/19 MP: 5/5
   350 | D:1      | Reached XP level 3. HP: 20/25 MP: 7/7
   516 | D:1      | Found a faded altar of an unknown god.
   942 | D:2      | Reached skill level 1 in Invocations
  1516 | D:2      | Reached skill level 1 in Fighting
  1516 | D:2      | Reached skill level 1 in Short Blades
  1516 | D:2      | Reached skill level 1 in Axes
  1516 | D:2      | Reached skill level 1 in Maces & Flails
  1516 | D:2      | Reached skill level 1 in Polearms
  1516 | D:2      | Reached skill level 1 in Staves
  1516 | D:2      | Reached skill level 1 in Ranged Weapons
  1516 | D:2      | Reached skill level 1 in Armour
  1516 | D:2      | Reached skill level 1 in Dodging
  1516 | D:2      | Reached skill level 1 in Shields
  1516 | D:2      | Reached skill level 1 in Unarmed Combat
  1516 | D:2      | Reached skill level 1 in Evocations
  1668 | D:2      | Reached XP level 4. HP: 28/32 MP: 8/8
  1801 | D:2      | Found Uxkyloh's Antique Weapon Boutique.
  2339 | D:2      | Reached skill level 1 in Conjurations
  2339 | D:2      | Reached skill level 1 in Hexes
  2339 | D:2      | Reached skill level 1 in Summonings
  2339 | D:2      | Reached skill level 1 in Necromancy
  2339 | D:2      | Reached skill level 1 in Transmutations
  2339 | D:2      | Reached skill level 1 in Fire Magic
  2339 | D:2      | Reached skill level 1 in Ice Magic
  2339 | D:2      | Reached skill level 1 in Air Magic
  2339 | D:2      | Reached skill level 1 in Earth Magic
  2339 | D:2      | Reached skill level 1 in Poison Magic
  2958 | D:3      | Found a radiant altar of Vehumet.
  3005 | D:3      | Noticed Pargi
  3008 | D:3      | Reached XP level 5. HP: 37/37 MP: 9/9
  3027 | D:3      | Killed Pargi
  3171 | D:3      | Found an iron altar of Okawaru.
  3254 | D:3      | Found a hide-covered altar of Uskayaw.
  3767 | D:4      | Reached XP level 6. HP: 35/44 MP: 11/11
  4263 | D:4      | Found a staircase to the Ecumenical Temple.
  4385 | Temple   | Entered the Ecumenical Temple
  4841 | D:4      | You fall into a shaft and drop 2 floors!
  4845 | D:6      | Found a snail-covered altar of Cheibriados.
  4866 | D:6      | Noticed a black bear
  4876 | D:6      | Killed a black bear
  4877 | D:6      | Reached XP level 7. HP: 27/51 MP: 12/12
  4889 | D:5      | Entered Level 5 of the Dungeon
  5399 | D:5      | Slain by a gnoll sergeant

Illustrated notes

Levels and vault maps discovered:
D:1:      heliophobic_arrival_glass_houses, layout_rooms,
          hellmonk_ecumenical_altar_leap_of_faith, hangedman_decor_lopped
D:2:      minmay_door_path, layout_basic, serial_shops, nicolae_diamond_shop,
          minmay_tetromino_i4
D:3:      layout_loops_corners, amcnicky_altar_gilded,
          mainiacjoe_overflow_large_starburst, dreamdust_mushroom_princess,
          uniq_pargi
D:4:      layout_basic, minmay_temple_entry_fiery, st_stairs_14,
          grunt_decor_fettered
D:5:      layout_basic, old_standard_altar, chequers_big_river,
          lemuel_flame_loot_1
D:6:      layout_basic, nicolae_elyvilon_temple_path, kennysheep_slug_shrine,
          mainiacjoe_overflow_boulevard, nicolae_overflow_two_pavilions,
          uniq_maggie
Temple:   nicolae_temple_two_arcs

Skill      XL: |  1  2  3  4  5  6  7 |
---------------+----------------------+-----
Long Blades    | | 10.7
Translocations | 2 |  2.9
Invocations    | 1 2 |  2.7
Fighting       | 1 2 |  2.4
Short Blades   | 1 2 |  2.4
Axes           | 1 2 |  2.4
Maces & Flails | 1 2 |  2.4
Polearms       | 1 2 |  2.4
Staves         | 1 2 |  2.4
Ranged Weapons | 1 2 |  2.4
Armour         | 1 2 |  2.4
Dodging        | 1 2 |  2.4
Shields        | 1 2 |  2.4
Unarmed Combat | 1 2 |  2.4
Evocations     | 1 2 |  2.4
Spellcasting   | 3 |  3.7
Conjurations   | 1 2 |  2.0
Hexes          | 1 2 |  2.0
Summonings     | 1 2 |  2.0
Necromancy     | 1 2 |  2.0
Transmutations | 1 2 |  2.0
Fire Magic     | 1 2 |  2.0
Ice Magic      | 1 2 |  2.0
Air Magic      | 1 2 |  2.0
Earth Magic    | 1 2 |  2.0
Poison Magic   | 1 2 |  2.0
Throwing       | 3 |  3.6
Stealth        | |  4.9

Action                   |  1- 3 |  4- 6 |  7- 9 || total
-------------------------+-------+-------+-------++-------
Melee: Falchion          |    78 |   194 |    25 ||   297
       Bite              |     8 |    15 |     1 ||    24
       Punch             |       |     2 |       ||     2
Throw: Dart              |       |     3 |       ||     3
  Use: Scroll            |       |     7 |       ||     7
 Stab: Sleeping          |     6 |     1 |       ||     7
Armor: Leather armour    |     8 |       |       ||     8
       Scale mail        |     5 |    84 |    13 ||   102
Dodge: Dodged            |    38 |    73 |    11 ||   122
